 Dungeon Crawl Stone Soup version 0.17-a0-1115-g0372368 (webtiles) character file.

99 onwiheg the Cudgeler (level 4, -1/28 HPs)
             Began as a Gargoyle Berserker on May 23, 2015.
             Was a Believer of Trog.
             Slain by Grinder (8 damage)
             ... on level 3 of the Dungeon.
             The game lasted 00:05:30 (2094 turns).

onwiheg the Cudgeler (Gargoyle Berserker)           Turns: 2094, Time: 00:05:30

Health: -1/28      AC:  6    Str: 20    XL:     4   Next: 72%
Magic:  4/4        EV: 12    Int:  8    God:    Trog [**....]
Gold:   169        SH:  0    Dex: 10    Spells: 0 memorised, 3 levels left

rFire  . . .     SeeInvis .     r - +0 whip (vamp)
rCold  + . .     Clarity  .     b - +0 animal skin
rNeg   + + .     SustAt   .     (no shield)
rPois  ∞         Gourm    .     (no helmet)
rElec  +         Spirit   .     i - +0 cloak
rCorr  .         Warding  .     (no gloves)
rMut   .         Stasis   .     (no boots)
MR     .....                    (no amulet)
Stlth  +.........               k - ring of protection from cold
                                j - ring of positive energy

@: not resistant to hostile enchantments, very unstealthy
A: negative energy resistance 1, electricity resistance, unbreathing,
petrification resistance, rot immunity, AC +3
a: Burn Spellbooks, Berserk, Trog's Hand, Renounce Religion


You were on level 3 of the Dungeon.
You worshipped Trog.
Trog was pleased with you.
You were not hungry.

You visited 1 branch of the dungeon, and saw 3 of its levels.

You collected 169 gold pieces.

Inventory:

Hand weapons
 a - a +0 mace
 r - a +0 vampiric whip (weapon)
 w - a +0 blowgun
Missiles
 x - 18 poisoned needles
Armour
 b - a +0 animal skin (worn)
 i - a +0 cloak (worn)
Jewellery
 j - a ring of positive energy (left hand)
 k - a ring of protection from cold (right hand)
 u - an uncursed ring of protection from fire {unknown}
 y - an uncursed ring of protection from magic {unknown}
Magical devices
 s - a wand of fireball (0)
Scrolls
 d - 2 scrolls of fear {unknown}
 e - a scroll of remove curse {unknown}
 f - a scroll of random uselessness {unknown}
 g - a scroll of noise {unknown}
 h - a scroll of enchant armour {unknown}
 m - 3 scrolls of identify {unknown}
 p - a scroll of recharging {unknown}
Potions
 l - a potion of invisibility {unknown}
 n - a potion of cure mutation {unknown}
 o - a potion of degeneration {unknown}
 t - a potion of flight {unknown}
Comestibles
 c - a bread ration
 q - a meat ration
 v - a beef jerky
 z - 2 chunks of flesh


   Skills:
 - Level 3.2 Fighting
 + Level 5.3 Maces & Flails
 - Level 2.1 Armour
 - Level 1.5 Dodging


You had 3 spell levels left.
You didn't know any spells.

Dungeon Overview and Level Annotations

Branches:
Dungeon (3/15)

Altars:

Annotations:
D:3 Grinder


Innate Abilities, Weirdness & Mutations

You are resistant to torment.
Your stone body is resilient (AC +3).
You are immune to poison.
You resist negative energy.
You are resistant to electric shocks.
You can survive without breathing.
You are immune to petrification.
You are immune to rotting.


Message History

Pain shoots through your body! Grinder gestures at you.
Pain shoots through your body! Grinder closely misses you.
You closely miss Grinder.
Grinder is severely wounded.
Grinder says, "DUCK!"
Grinder misses you.
You hit Grinder but do no damage.
Grinder is severely wounded.
Grinder gestures at you. You resist with significant effort.
You hit Grinder.
Grinder is severely wounded.
Grinder hits you!
* * * LOW HITPOINT WARNING * * *
You closely miss Grinder.
Grinder is severely wounded.
Grinder hits you!
You die...

########.# #.....#
#.##### #.# #.# #.#
# #.#####
#.############.#....
#.5@........##.#.###
#..########.##.....#
..... #.####.#.#
#####. #.# #.... #.
#.# ###.# #. #.# #.#
#. #.######.# #.
#........#
##########


You could see Grinder.

Vanquished Creatures
  4 adders
  A worm (D:2)
  2 giant geckos
  8 bats
  4 giant cockroaches
  5 goblins
  7 hobgoblins
  A ball python (D:1)
  3 giant newts
  8 jackals (D:1)
  12 kobolds
  4 rats
59 creatures vanquished.

Notes
Turn   | Place    | Note
--------------------------------------------------------------
     0 | D:1      | onwiheg the Gargoyle Berserker began the quest for the Orb.
     0 | D:1      | Reached XP level 1. HP: 14/14 MP: 1/1
   145 | D:1      | Reached XP level 2. HP: 16/19 MP: 2/2
   495 | D:1      | Reached skill level 4 in Maces & Flails
   503 | D:1      | Reached XP level 3. HP: 12/23 MP: 3/3
  1070 | D:2      | Acquired Trog's second power
  1463 | D:2      | Reached XP level 4. HP: 28/28 MP: 4/4
  1581 | D:2      | Reached skill level 5 in Maces & Flails
  2081 | D:3      | Noticed Grinder
  2094 | D:3      | Slain by Grinder

Vault maps used:
D:1:      eino_arrival_cavern_c, hangedman_abyss_or_decor_lesser_grid,
          dk_noncrumbling_2
D:2:      st_stairs_5
D:3:      uniq_robin, uniq_grinder

Action                   |  1- 3 |  4- 6 || total
-------------------------+-------+-------++-------
Melee: Mace              |   123 |       ||   123
       Whip              |    39 |    81 ||   120
Evoke: Wand              |       |     3 ||     3
  Eat: Chunk             |     1 |     1 ||     2
       Meat ration       |     1 |       ||     1
       Pizza             |     1 |       ||     1
